Description

Memes

Replay - Abyssal Reef LE (3)

Build Order

Get SALT Encoding   

  12  0:00  SCV  
  13  0:12  SCV  
  14  0:23  Supply Depot  
  14  0:24  SCV  
  15  0:44  SCV  
  15  0:45  Barracks  
  15  0:47  Refinery  
  16  0:56  SCV  
  17  1:08  SCV  
  18  1:21  SCV  
  19  1:32  Reaper  
  20  1:34  Orbital Command  
  20  1:42  Command Center  
  20  1:51  Supply Depot  
  20  1:59  SCV  
  21  2:04  Marine  
  21  2:07  Factory  
  22  2:11  SCV  
  23  2:21  Refinery  
  23  2:23  SCV  
  23  2:26  Barracks Reactor  
  26  2:55  Orbital Command  
  26  2:57  Starport  
  26  3:05  Hellion x2  
  31  3:11  Barracks Tech Lab  
  31  3:26  Hellion x2  
  37  3:33  Medivac  
  41  3:43  Supply Depot  
  43  3:55  Marine x2  
  43  3:59  Supply Depot, Factory Tech Lab  
  46  4:13  Marine x2  
  50  4:17  Raven  
  50  4:20  Supply Depot  
  50  4:23  Command Center  
  53  4:31  Marine x2  
  56  4:40  Siege Tank  
  60  4:48  Refinery x2  
  60  4:49  Marine x2  
  67  5:17  Raven  
  67  5:18  Marine  
  67  5:20  Stimpack  
  71  5:25  Factory Reactor  
  71  5:27  Barracks x2  
  76  5:47  Orbital Command  
  77  5:50  Engineering Bay x2  
  80  6:07  Starport Reactor  
  80  6:09  Factory Reactor  
  81  6:14  Barracks x2  
  83  6:23  Orbital Command  
  87  6:27  Terran Infantry Weapons Level 1  
  87  6:28  Terran Infantry Armor Level 1, Liberator  
  92  6:45  Medivac, Missile Turret  
  100  6:47  Widow Mine  
  101  6:54  Widow Mine  
  108  7:03  Barracks Reactor x2  
  113  7:16  Medivac, Widow Mine  
  113  7:20  Combat Shields  
  124  7:30  Armory  
  124  7:33  Medivac, Widow Mine  
  132  7:41  Missile Turret  
  133  8:14  Widow Mine x2  
  133  8:16  Medivac x2  
  143  8:27  Factory  
  146  8:30  Command Center  
  151  8:43  Widow Mine x2  
  151  8:47  Refinery  
  156  8:52  Medivac  
  161  9:02  Terran Infantry Armor Level 2  
  159  9:20  Widow Mine x2  
  159  9:23  Terran Infantry Weapons Level 2  
  150  9:26  Medivac x2  
  150  9:28  Marauder  
  161  9:34  Terran Vehicle Weapons Level 1  
  161  9:37  Thor  
  168  9:41  Refinery  
  170  9:49  Marauder  
Spawning Tool Build Advisor. Get it on Overwolf

Analysis

Dreams

Go to:

Details

  • Created by: Aggression
  • Published on: Jul 30, 2017
  • Modified on: Jul 30, 2017
  • Patch: 3.8.0
Show
View Real Time Build Order
Export as new Build Order

Comments (0)

There are no comments. Be the first!

Create an account to comment!